 Dungeon Crawl Stone Soup version 0.27.0-1-g7a089689b8 (webtiles) character file.

Game seed: 4734204252448590564

131 BOMJPIETVODKU the Digger (level 5, 0/37 HPs)
             Began as a Gnoll Earth Elementalist on Aug 3, 2021.
             Slain by a gnoll (5 damage)
             ... on level 3 of the Dungeon.
             The game lasted 00:05:49 (2144 turns).

BOMJPIETVODKU the Digger (Gnoll Earth Elementalist) Turns: 2144, Time: 00:05:50

Health: 0/37       AC:  5    Str:  8    XL:     5   Next: 14%
Magic:  0/12       EV: 13    Int: 15    God:
Gold:   158        SH:  0    Dex: 12    Spells: 8/14 levels left

rFire    + . .     SeeInvis .   f - +0 dagger
rCold    . . .     Faith    .   (no shield)
rNeg     . . .     Spirit   .   m - +1 robe {rF+}
rPois    .         Reflect  .   (no helmet)
rElec    .         Harm     .   (no cloak)
rCorr    .         Rampage  .   (no gloves)
Will     .....                  j - +1 pair of boots
Stlth    +++.......             (no amulet)
HPRegen  0.12/turn              e - ring of wizardry
MPRegen  0.13/turn              (no ring)

@: no status effects
A: fangs 1, strong nose, distributed training
a: no special abilities


You were on level 3 of the Dungeon.
You visited 1 branch of the dungeon, and saw 3 of its levels.

You collected 158 gold pieces.

Inventory:

Hand Weapons
 f - a +0 dagger (weapon)
Missiles
 c - 34 stones
Armour
 j - a +1 pair of boots (worn)
 k - a +2 ring mail of fire resistance
 m - a +1 robe of fire resistance (worn)
Jewellery
 e - a ring of wizardry (left hand)
Scrolls
 d - a scroll of fear {unknown}
 g - a scroll of brand weapon {unknown}
 h - a scroll of identify {unknown}
 i - a scroll of noise {unknown}
 n - a scroll of teleportation {unknown}
Potions
 a - a potion of heal wounds {unknown}
 b - a potion of curing
 l - 2 potions of flight {unknown}


   Skills:
 + Level 1.4 Fighting
 + Level 1.4 Short Blades
 + Level 1.4 Long Blades
 + Level 1.4 Axes
 + Level 1.4 Maces & Flails
 + Level 1.4 Polearms
 + Level 1.4 Staves
 + Level 1.4 Slings
 + Level 1.4 Bows
 + Level 1.4 Crossbows
 + Level 1.4 Throwing
 + Level 1.4 Armour
 + Level 4.7 Dodging
 + Level 4.3 Stealth
 + Level 1.4 Shields
 + Level 1.4 Unarmed Combat
 + Level 5.1 Spellcasting
 + Level 1.1 Conjurations
 + Level 1.1 Hexes
 + Level 1.1 Summonings
 + Level 1.1 Necromancy
 + Level 1.1 Translocations
 + Level 2.3 Transmutations
 + Level 1.1 Fire Magic
 + Level 1.1 Ice Magic
 + Level 1.1 Air Magic
 + Level 5.5 Earth Magic
 + Level 1.1 Poison Magic
 + Level 1.5 Invocations
 + Level 1.4 Evocations


You had 8 spell levels left.
You knew the following spells:

 Your Spells              Type           Power      Damage    Failure   Level
a - Sandblast             Erth           40%        2d10      1%          1
b - Passwall              Tmut/Erth      12%        N/A       1%          2
c - Stone Arrow           Conj/Erth      26%        3d8       4%          3

Your spell library contained the following spells:

 Spells                   Type           Power      Damage    Failure   Level
 Gell's Gravitas          Tloc           3%         N/A       12%         3
 Teleport Other           Tloc           7%         N/A       12%         3
 Petrify                  Tmut/Erth      15%        N/A       12%         4
 Dispersal                Tloc           3%         N/A       99%         6


Dungeon Overview and Level Annotations

Branches:
Dungeon (3/15)

Altars:
Elyvilon


Innate Abilities, Weirdness & Mutations

You have very sharp teeth.
Your uncanny sense of smell can sniff out nearby items.
Your experience applies equally to all skills.


Message History

You kill the endoplasm!
The gnoll hits you from afar with a +0 spear.
The blast of sand hits the gnoll.
The gnoll is moderately wounded.
The blast of sand hits the gnoll.
The gnoll is moderately wounded.
The blast of sand hits the gnoll.
The gnoll is heavily wounded.
The gnoll hits you but does no damage.
The blast of sand hits the gnoll!
You kill the gnoll!
You are too depleted to draw on your mana recklessly!
You see here a +0 club.
You barely miss the gnoll. Your bite misses the gnoll.
The gnoll is moderately wounded.
The gnoll hits you with a +0 spear.
You hit the gnoll but do no damage. You bite the gnoll, but do no damage.
The gnoll is moderately wounded.
The gnoll hits you with a +0 spear.
You hit the gnoll but do no damage.
The gnoll is moderately wounded.
The gnoll hits you with a +0 spear.
The gnoll hits you from afar with a +0 spear.
* * * LOW HITPOINT WARNING * * *
You are too injured to fight recklessly!
You are too injured to fight recklessly!
Aiming: Sandblast (safe; 1% risk of failure)
Press: ? - help, Q - select action, (/) - cycle Shift-Dir - straight line, f - gnoll
Aim: a gnoll, wielding a +0 spear (moderately wounded, 83% to hit)
The blast of sand misses the gnoll.
The gnoll barely misses you.
Aiming: Sandblast (safe; 1% risk of failure)
Press: ? - help, Q - select action, (/) - cycle Shift-Dir - straight line, f/p - gnoll
Aim: a gnoll, wielding a +0 spear (moderately wounded, 83% to hit)
The blast of sand hits the gnoll!
The gnoll is almost dead.
The gnoll hits you from afar with a +0 spear!
* * * LOW HITPOINT WARNING * * *
The gnoll hits you from afar with a +0 spear.
You die...

.........#.#
...#####.#.# #.#.#
.# #...##.#
######..##.#
.........##.#
########.##.# #..#.#
####@#.# #......# #
#..g#).# . #...#..#
.############...#..#
.))...............>#
.###################
. ∆ .


You could see a gnoll.

Vanquished Creatures
  Jessica (D:2)
  2 adders (D:2)
  3 gnolls (D:3)
  3 worms (D:2)
  2 dart slugs
  6 endoplasms
  2 giant cockroaches (D:1)
  3 goblins
  5 hobgoblins
  2 jackals (D:3)
  3 quokkas
  4 ball pythons
  A bat (D:3)
  2 frilled lizards
  6 kobolds
  A rat (D:2)
46 creatures vanquished.

Notes
Turn   | Place    | Note
-------+----------+-------------------------------------------
     0 | D:1      | BOMJPIETVODKU the Gnoll Earth Elementalist began the quest
                  | for the Orb.
     0 | D:1      | Reached XP level 1. HP: 13/13 MP: 6/6
   516 | D:1      | You fall into a shaft and drop 1 floor!
   530 | D:2      | Reached XP level 2. HP: 7/20 MP: 4/7
   869 | D:2      | Reached XP level 3. HP: 24/25 MP: 7/9
   925 | D:2      | Reached skill level 5 in Spellcasting
   987 | D:2      | Reached skill level 1 in Invocations
  1305 | D:1      | Reached skill level 1 in Fighting
  1305 | D:1      | Reached skill level 1 in Short Blades
  1305 | D:1      | Reached skill level 1 in Long Blades
  1305 | D:1      | Reached skill level 1 in Axes
  1305 | D:1      | Reached skill level 1 in Maces & Flails
  1305 | D:1      | Reached skill level 1 in Polearms
  1305 | D:1      | Reached skill level 1 in Staves
  1305 | D:1      | Reached skill level 1 in Slings
  1305 | D:1      | Reached skill level 1 in Bows
  1305 | D:1      | Reached skill level 1 in Crossbows
  1305 | D:1      | Reached skill level 1 in Throwing
  1305 | D:1      | Reached skill level 1 in Armour
  1305 | D:1      | Reached skill level 1 in Shields
  1305 | D:1      | Reached skill level 1 in Unarmed Combat
  1305 | D:1      | Reached skill level 1 in Evocations
  1482 | D:2      | Reached XP level 4. HP: 32/32 MP: 9/11
  1564 | D:2      | Learned a level 2 spell: Passwall
  1568 | D:2      | Learned a level 3 spell: Stone Arrow
  1720 | D:2      | Found a white marble altar of Elyvilon.
  1722 | D:2      | Noticed Jessica
  1726 | D:2      | Killed Jessica
  1727 | D:2      | Reached skill level 1 in Conjurations
  1727 | D:2      | Reached skill level 1 in Hexes
  1727 | D:2      | Reached skill level 1 in Summonings
  1727 | D:2      | Reached skill level 1 in Necromancy
  1727 | D:2      | Reached skill level 1 in Translocations
  1727 | D:2      | Reached skill level 1 in Fire Magic
  1727 | D:2      | Reached skill level 1 in Ice Magic
  1727 | D:2      | Reached skill level 1 in Air Magic
  1727 | D:2      | Reached skill level 1 in Poison Magic
  2119 | D:3      | Reached XP level 5. HP: 31/37 MP: 4/12
  2144 | D:3      | Slain by a gnoll

Illustrated notes

Levels and vault maps discovered:
D:1:      eino_arrival_cavern_b, layout_basic, minmay_misc_feat_four_crosses,
          hangedman_glass_teeth
D:2:      layout_loops_ring, basic_altar, item_on_display_a, uniq_jessica
D:3:      layout_basic, nicolae_qazlal_scattered_showers,
          minmay_misc_feat_square, uniq_ijyb, uniq_grinder

Skill      XL: |  1  2  3  4 |
---------------+-------------+-----
Transmutations | 2 |  2.3
Spellcasting   | 5 |  5.1
Invocations    | 1 |  1.5
Fighting       | 1 |  1.4
Short Blades   | 1 |  1.4
Long Blades    | 1 |  1.4
Axes           | 1 |  1.4
Maces & Flails | 1 |  1.4
Polearms       | 1 |  1.4
Staves         | 1 |  1.4
Slings         | 1 |  1.4
Bows           | 1 |  1.4
Crossbows      | 1 |  1.4
Throwing       | 1 |  1.4
Armour         | 1 |  1.4
Shields        | 1 |  1.4
Unarmed Combat | 1 |  1.4
Evocations     | 1 |  1.4
Conjurations   | 1 |  1.1
Hexes          | 1 |  1.1
Summonings     | 1 |  1.1
Necromancy     | 1 |  1.1
Translocations | 1 |  1.1
Fire Magic     | 1 |  1.1
Ice Magic      | 1 |  1.1
Air Magic      | 1 |  1.1
Poison Magic   | 1 |  1.1
Dodging        | |  4.7
Stealth        | |  4.3
Earth Magic    | |  5.5

Action                   |  1- 3 |  4- 6 || total
-------------------------+-------+-------++-------
Melee: Unarmed           |     2 |       ||     2
       Bite              |     2 |     1 ||     3
       Dagger            |     9 |     8 ||    17
 Cast: Sandblast         |    37 |    26 ||    63
  Use: Potion            |       |     1 ||     1
 Stab: Sleeping          |     1 |     3 ||     4
Armor: Robe              |     4 |     1 ||     5
Dodge: Dodged            |     7 |     7 ||    14
